 Dungeon Sprint DCSS version 0.18.1-6-gd335043 (webtiles) character file.

1080 Groucho the Jinx (level 8, -4/42 HPs)
             Began as a Spriggan Enchanter on May 19, 2016.
             Was a Follower of Dithmenos.
             Slain by a demonic crawler (7 damage)
             ... in the Dungeon (Sprint I: "Red Sonja").
             The game lasted 00:02:08 (665 turns).

Groucho the Jinx (Spriggan Enchanter)                Turns: 665, Time: 00:02:10

Health: -4/42      AC:  3    Str:  5    XL:     8   Next: 8%
Magic:  7/23       EV: 24    Int: 17    God:    Dithmenos [*.....]
Gold:   270        SH:  0    Dex: 17    Spells: 5 memorised, 15 levels left

rFire  . . .     SeeInvis +     a - +1 dagger
rCold  . . .     Gourm    .     b - +1 robe
rNeg   . . .     Faith    .     (shield restricted)
rPois  .         Spirit   .     (helmet restricted)
rElec  .         Dismiss  .     (no cloak)
rCorr  .         Reflect  .     (gloves unavailable)
SustAt .         Harm     .     (boots unavailable)
MR     +....     NoTele   +     (no amulet)
Stlth  ++++++....               (no ring)
                                (no ring)

@: wreathed by umbra, very quick, somewhat resistant to hostile enchantments,
very stealthy
A: unfitting armour, see invisible, herbivore 3, speed 3, slow metabolism 2
a: Renounce Religion


You were in the Dungeon.
You worshipped Dithmenos.
Dithmenos was aware of your devotion.
You were not hungry.

You visited 1 branch You collected 270 gold pieces.

Inventory:

Hand Weapons
 a - a +1 dagger (weapon)
Armour
 b - a +1 robe (worn)
Scrolls
 j - a scroll of blinking
Potions
 e - a potion of curing
 f - a potion of heal wounds
 g - a potion of haste
 h - 2 potions of magic
 i - a potion of berserk rage
Books
 c - a book of Maledictions

   Spells                             Type                      Level
   a - Corona                         Hexes                        1
   b - Ensorcelled Hibernation        Hexes/Ice                    2
   c - Confuse                        Hexes                        3
   d - Tukima's Dance                 Hexes                        3
   e - Dazzling Spray                 Conjuration/Hexes            3
Comestibles
 d - a bread ration


   Skills:
 + Level 4.7 Fighting
 + Level 6.5 Short Blades
 + Level 9.0 Dodging
 + Level 10.2 Stealth
 * Level 10.4 Spellcasting
 + Level 2.7 Conjurations
 * Level 10.7 Hexes
 + Level 3.1 Ice Magic


You had 15 spell levels left.
You knew the following spells:

 Your Spells              Type           Power        Failure   Level  Hunger
a - Corona                Hex            #####..      1%          1    None
b - Ensorcelled Hibernat  Hex/Ice        ####..       1%          2    None
c - Confuse               Hex            #####...     1%          3    None
d - Dazzling Spray        Conj/Hex       ####....     1%          3    None
e - Tukima's Dance        Hex            #####...     1%          3    None


Dungeon Overview and Level Annotations

Branches:
Dungeon (1/1)

Altars:
Cheibriados
Dithmenos
Fedhas
Jiyva


Innate Abilities, Weirdness & Mutations

You are tiny and cannot use many weapons and most armour.
You have supernaturally acute eyesight.
You are a herbivore.
You cover ground extremely quickly.
You need consume almost no food.


Message History

The demonic crawler closely misses you. The demonic crawler barely misses you.
The demonic crawler closely misses you. The demonic crawler barely misses you.
Casting: Dazzling Spray
Confirm with . or Enter, or press ? or * to list all spells.
Aiming: Dazzling Spray
Press: ? - help, Shift-Dir - straight line The spray of energy hits the demonic crawler.
The demonic crawler is lightly wounded.
The demonic crawler is dazzled.
The spray of energy hits the demonic crawler.
The demonic crawler is severely wounded.
The demonic crawler is dazzled.
The demonic crawler completely misses you.
The demonic crawler closely misses you. The demonic crawler misses you. x2
The demonic crawler hits you!
* * * LOW HITPOINT WARNING * * *
The demonic crawler barely misses you.
The demonic crawler completely misses you.
The demonic crawler hits you!
You die...

######################
.)'..#.)'..#__#.@ss..#
..#.)'..#..'..'ss#.).#
####'#####+#__####)..'..#
#..# #### #####..+ ####
+##


You could see 4 demonic crawlers.

Vanquished Creatures
  2 kobold demonologists (D)
  A slime creature (D)
  Sigmund (D)
  A giant eyeball (D)
  An ogre (D)
  Ijyb (D)
7 creatures vanquished.

Notes
Turn   | Place    | Note
--------------------------------------------------------------
     0 | D        | Groucho the Spriggan Enchanter began the quest for the Orb.
     0 | D        | Reached XP level 1. HP: 9/9 MP: 5/5
     2 | D        | Noticed Ijyb
     4 | D        | Killed Ijyb
     4 | D        | Reached skill level 1 in Fighting
     4 | D        | Reached skill level 5 in Stealth
     4 | D        | Reached XP level 2. HP: 14/14 MP: 6/8
    26 | D        | Learned a level 2 spell: Ensorcelled Hibernation
    27 | D        | Noticed an ogre
    29 | D        | Killed an ogre
    29 | D        | Reached skill level 5 in Dodging
    29 | D        | Reached XP level 3. HP: 18/18 MP: 8/11
    29 | D        | Reached XP level 4. HP: 23/23 MP: 9/13
    42 | D        | Noticed Sigmund
    44 | D        | Killed Sigmund
    44 | D        | Reached XP level 5. HP: 28/28 MP: 11/16
    49 | D        | Learned a level 3 spell: Confuse
    53 | D        | Learned a level 3 spell: Dazzling Spray
    57 | D        | Learned a level 3 spell: Tukima's Dance
    72 | D        | Found a snail-covered altar of Cheibriados.
    72 | D        | Found a shadowy altar of Dithmenos.
    72 | D        | Noticed a slime creature
    73 | D        | Found a viscous altar of Jiyva.
    73 | D        | Found a blossoming altar of Fedhas.
    82 | D        | Killed a slime creature
    82 | D        | Reached skill level 5 in Short Blades
    82 | D        | Reached skill level 1 in Conjurations
    82 | D        | Reached skill level 1 in Ice Magic
    82 | D        | Reached XP level 6. HP: 9/33 MP: 3/18
    90 | D        | Became a worshipper of Dithmenos the Shadowed
   485 | D        | Noticed a kobold demonologist
   485 | D        | Noticed a giant eyeball
   486 | D        | Noticed a kobold demonologist
   489 | D        | Killed a giant eyeball
   489 | D        | Reached XP level 7. HP: 37/37 MP: 16/20
   491 | D        | Killed a kobold demonologist
   491 | D        | Reached skill level 10 in Spellcasting
   491 | D        | Reached skill level 10 in Hexes
   493 | D        | Killed a kobold demonologist
   493 | D        | Reached * piety under Dithmenos
   493 | D        | Reached skill level 10 in Stealth
   493 | D        | Reached XP level 8. HP: 42/42 MP: 13/23
   646 | D        | Noticed a demonic crawler
   646 | D        | Noticed a demonic crawler
   646 | D        | Noticed a demonic crawler
   646 | D        | Noticed a demonic crawler
   665 | D        | Slain by a demonic crawler

Skill      XL: |  1  2  3  4  5  6  7 |
---------------+----------------------+-----
Fighting       | 1 2 3 4 |  4.7
Short Blades   | 2 3 4 5 6 |  6.5
Dodging        | 4 5 6 7 8 9 |  9.0
Stealth        | 5 6 8 9 10 | 10.2
Spellcasting   | 4 6 7 8 9 10 | 10.4
Hexes          | 4 6 8 9 10 | 10.7
Conjurations   | 1 2 |  2.7
Ice Magic      | 1 2 3 |  3.1

Action                   |  1- 3 |  4- 6 |  7- 9 || total
-------------------------+-------+-------+-------++-------
Melee: Dagger            |     2 |     3 |    11 ||    16
 Cast: Ensorcelled Hiber |       |     3 |     2 ||     5
       Dazzling Spray    |       |     3 |     5 ||     8
       Confuse           |       |       |     1 ||     1
 Stab: Sleeping          |     2 |     3 |     2 ||     7
       Invisible         |       |       |     1 ||     1
Dodge: Dodged            |       |     5 |    44 ||    49
